 Dungeon Crawl Stone Soup version 0.24-a0-479-g9a978d2894 (webtiles) character file.

Game seed: 16461329787719374803

105532 ChocoEater the Geomancer (level 16, -2/110 HPs)
             Began as a Gargoyle Earth Elementalist on July 7, 2019.
             Was the Champion of Vehumet.
             Slain by a +0 battleaxe of electrocution (6 damage)
             ... on level 2 of the Elven Halls.
             The game lasted 01:23:02 (32966 turns).

ChocoEater the Geomancer (GrEE)                    Turns: 32966, Time: 01:23:02

Health: -2/110     AC: 19    Str: 18    XL:     16   Next: 41%
Magic:  6/30       EV: 17    Int: 28    God:    Vehumet [******]
Gold:   1397       SH:  5    Dex:  7    Spells: 0/36 levels left

rFire    + . .     SeeInvis +   A - +10 trident "Vahoh" {pierce, Int+4}
rCold    . . .     Gourm    .   (no shield)
rNeg     + . .     Faith    .   E - +1 robe {rF+}
rPois    ∞         Spirit   .   D - +0 mask of the Dragon {MR+ Slay+3 SInv}
rElec    +         Reflect  +   L - +2 cloak {MR+}
rCorr    +         Harm     .   (no gloves)
MR       +++..                  c - +0 pair of boots of Hisipusk {rPois Str+7 Dex-5}
Stlth    ++........             h - +5 amulet of reflection
HPRegen  0.28/turn              K - ring of resist corrosion
MPRegen  0.22/turn              a - +2 ring of evasion

@: about to teleport, flying
A: big wings, claws 1, agile 1, deformed body, negative energy resistance 1,
robust 1, electricity resistance, unbreathing, petrification resistance, rot
immunity, AC +12
a: Stop Flying, Renounce Religion


You were on level 2 of the Elven Halls.
You worshipped Vehumet.
Vehumet was exalted by your worship.
You were full.

You visited 5 branches of the dungeon, and saw 25 of its levels.
You also visited: Sewer.

You collected 2613 gold pieces.
You spent 1216 gold pieces at shops.

Inventory:

Hand Weapons
 p - the +5 long sword "Killer Bee's Regret" {slice, rF+ Str+7}
   (You found it on level 12 of the Dungeon)

   It inflicts extra damage upon your enemies.
   It affects your strength (+7).
   It protects you from fire.
 r - a +2 demon whip of freezing
 A - the +10 trident "Vahoh" (weapon) {pierce, Int+4}
   (You found it on level 8 of the Dungeon)

   It inflicts extra damage upon your enemies.
   It affects your intelligence (+4).
Missiles
 b - 171 stones (quivered)
 e - 7 silver boomerangs
 C - 3 throwing nets
Armour
 c - the +0 pair of boots of Hisipusk (worn) {rPois Str+7 Dex-5}
   (You found it on level 10 of the Dungeon)

   It affects your strength (+7).
   It affects your dexterity (-5).
   It protects you from poison.
 D - the +0 mask of the Dragon (worn) {MR+ Slay+3 SInv}
   (You bought it in a shop on level 9 of the Dungeon)

   It affects your accuracy and damage with ranged weapons and melee attacks
   (+3).
   It affects your resistance to hostile enchantments.
   It lets you see invisible.
 E - a +1 robe of fire resistance (worn)
 F - a +2 robe of positive energy
 L - a +2 cloak of magic resistance (worn)
Jewellery
 a - a +2 ring of evasion (right claw)
 h - a +5 amulet of reflection (around neck)
 y - an uncursed ring of positive energy
 K - a ring of resist corrosion (left claw)
Wands
 s - a wand of random effects (11)
 t - a wand of flame (21)
 I - a wand of iceblast (4)
Scrolls
 l - a scroll of immolation
 m - a scroll of acquirement {unknown}
 o - 7 scrolls of teleportation
 v - 10 scrolls of remove curse
 B - 2 scrolls of brand weapon
 G - 7 scrolls of identify
 H - 2 scrolls of amnesia
Potions
 g - 2 potions of flight
 i - 2 potions of curing
 j - 2 potions of lignification
 k - 3 potions of haste
 n - a potion of agility
 q - a potion of brilliance
 u - a potion of cancellation
 w - a potion of berserk rage
 x - a potion of ambrosia
 J - a potion of magic
 M - a potion of mutation
 O - a potion of might
 P - a potion of invisibility
Miscellaneous
 f - a lightning rod (4/4)
Comestibles
 d - 32 rations
 z - 2 chunks of flesh


   Skills:
 - Level 11.0 Fighting
 - Level 10.0 Maces & Flails
 - Level 6.0 Polearms
 - Level 6.0 Armour
 - Level 8.7 Dodging
 - Level 2.1 Stealth
 - Level 10.7 Spellcasting
 - Level 12.1 Conjurations
   Level 0.7 Transmutations
 + Level 8.3 Fire Magic
 - Level 13.6 Earth Magic
 - Level 6.0 Evocations


You couldn't memorise any spells.
You knew the following spells:

 Your Spells              Type           Power        Failure   Level  Hunger
a - Sandblast             Erth           ######       0%          1    None
b - Stone Arrow           Conj/Erth      ######       1%          3    None
c - Lee's Rapid Deconstr  Erth           ######....   1%          5    ###....
d - Iron Shot             Conj/Erth      ######....   1%          6    #####..
e - Orb of Destruction    Conj           ######....   6%          7    ######.
f - Bolt of Fire          Conj/Fire      ######....   2%          6    #####..
g - Bolt of Magma         Conj/Fire/Erth ######....   1%          5    ###....
h - Mephitic Cloud        Conj/Pois/Air  #####...     1%          3    None

Your spell library contained the following spells:

 Spells                   Type           Power        Failure   Level  Hunger
 Freeze                   Ice            ###.         1%          1    None
 Magic Dart               Conj           ####         1%          1    None
 Sting                    Conj/Pois      ####         1%          1    None
 Passwall                 Tmut/Erth      ######..     1%          2    None
 Throw Frost              Conj/Ice       #####.       1%          2    None
 Conjure Flame            Conj/Fire      ######..     1%          3    None
 Static Discharge         Conj/Air       #####...     1%          3    None
 Petrify                  Tmut/Erth      ######..     1%          4    None
 Throw Icicle             Conj/Ice       #####...     1%          4    None
 Leda's Liquefaction      Hex/Erth       ######....   2%          4    None
 Lightning Bolt           Conj/Air       #####.....   2%          5    ###....
 Venom Bolt               Conj/Pois      #####.....   2%          5    ###....
 Animate Skeleton         Necr           N/A          3%          1    None
 Apportation              Tloc           ###...       3%          1    None
 Confusing Touch          Hex            ###...       3%          1    None
 Pain                     Necr           ###.         3%          1    None
 Summon Small Mammal      Summ           ###.         3%          1    None
 Blink                    Tloc           N/A          5%          2    None
 Call Imp                 Summ           ###.....     5%          2    None
 Ensorcelled Hibernation  Hex/Ice        ###...       5%          2    None
 Poisonous Vapours        Pois/Air       ###...       5%          2    None
 Shroud of Golubria       Chrm/Tloc      ###...       5%          2    None
 Slow                     Hex            ###.....     5%          2    None
 Borgnjor's Vile Clutch   Necr/Erth      ######....   6%          5    ###....
 Call Canine Familiar     Summ           ###.....     11%         3    None
 Ozocubu's Armour         Chrm/Ice       ###.....     11%         3    None
 Spectral Weapon          Hex/Chrm       ###.....     11%         3    None
 Summon Guardian Golem    Hex/Summ       ###.....     11%         3    None
 Olgreb's Toxic Radiance  Pois           ###.....     11%         4    None
 Animate Dead             Necr           N/A          36%         4    None
 Summon Ice Beast         Ice/Summ       ###.....     36%         4    None
 Summon Lightning Spire   Summ/Air       ###.....     36%         4    None
 Silence                  Hex/Air        ###.......   71%         5    ###....
 Ignition                 Fire           ######....   86%         8    #######
 Shatter                  Erth           ######....   96%         9    #######
 Darkness                 Hex            ###.......   99%         6    #####..
 Deflect Missiles         Chrm/Air       ###.......   99%         6    #####..
 Shadow Creatures         Summ           N/A          99%         6    #####..
 Haunt                    Necr/Summ      ###.......   100%        7    ######.
 Borgnjor's Revivificati  Necr           ###.......   100%        8    #######
 Death's Door             Chrm/Necr      ###.......   100%        8    #######
 Infestation              Necr           ###.......   100%        8    #######
 Necromutation            Tmut/Necr      ###.......   100%        8    #######
 Tornado                  Air            ###.......   100%        9    #######
 Statue Form              Tmut/Erth      Unusable     N/A         6    N/A

Dungeon Overview and Level Annotations

Branches:
Dungeon (14/15)            Temple (1/1) D:4            Lair (6/6) D:9
 Shoals (0/4) Lair:2        Snake (0/4) Lair:2        Slime (0/5) Lair:6
    Orc (2/2) D:9             Elf (2/3) Orc:2        Vaults (0/5) D:14

Altars:
Dithmenos
Elyvilon
Gozag
Makhleb
Nemelex Xobeh
Qazlal
Ru
Trog
Uskayaw
Vehumet
Zin
The Shining One
Beogh

Shops:
D:5 %   D:9 [   Orc:2 %:=:

Annotations:
Lair:1 2 transporters, Yntealyr's ghost, journeyman SpAE
Orc:2 3 runed translucent doors, feta's ghost, journeyman BaFi


Innate Abilities, Weirdness & Mutations

You are resistant to torment.
Your stone body is resilient. (AC +12)
You are immune to poison.
Your large and strong wings let you fly indefinitely.
You resist negative energy. (rN+)
You are resistant to electric shocks. (rElec)
You can survive without breathing.
You are immune to petrification.
You are immune to rotting.
You have sharp fingernails.
You are agile. (Dex +2)
Armour fits poorly on your strangely shaped body.
You are robust. (+10% HP)


Message History

The fireball explodes!
The fireball engulfs you! You resist.
* * * LOW HITPOINT WARNING * * *
You hear a howl!
There is an open door here.
Things that are here:
a +0 short sword; an elf corpse Your surroundings suddenly seem different.
A +2 eveningstar of venom comes into view. 2 dancing weapons and a deep elf knight come into view.
There is a +0 battleaxe of electrocution.
There is a +2 battleaxe of chopping.
As you read the scroll of teleportation, it crumbles to dust.
You feel strangely unstable.
The deep elf knight shouts!
The deep elf knight casts a spell.
The deep elf knight seems to speed up.
Unknown command.
The +2 battleaxe of chopping hits you!
* * * LOW HITPOINT WARNING * * *
x2 The +0 battleaxe of electrocution hits you.
You die...

,,,,,,,,,,,,,,,,,,,,** #.*..##..#
,,,,,,,..,,,,,,,,,.#* *#..**.(..#
,**,,,,...,,,,**,,.## *..#.,#...$
*****,,....,*****,..##*,....#..#.
* **,....#* *#...#*,**#..#.#e
*****,,...e.##*##....#*,* *#.....
,**,,,,.......##.....#*,***###.<.
,,,,,,,.......(.(...#**,.........
,,,,,,,.....(...@...# **####.....
,,,,,,,...........### #...e.
*******############ ###... #...
####


You could see a deep elf knight and 3 dancing weapons.

Vanquished Creatures
  Jorgrun (Elf:1)
  A storm dragon (D:13)
  Azrael (D:12)
  Nessos (Lair:5)
  2 ettins
  2 fire dragons (Lair:6)
  Harold (D:8)
  Erolcha (D:11)
  3 hydras
  A catoblepas (Lair:6)
  3 centaur warriors
  9 dancing weapons
  A death knight (D:14)
  4 two-headed ogres
  A tengu warrior (D:13)
  11 death yaks
  2 deep elf knights (Elf:2)
  Sonja (Lair:5)
  2 skeletal warriors (D:14)
  5 unseen horrors
  3 deep elf archers (Elf:1)
  A phantasmal warrior (D:14)
  A swamp dragon (Lair:6)
  A lindwurm (Lair:6)
  2 cyclopes
  2 orc sorcerers
  7 orc knights
  11 ugly things
  13 deep elf magi
  17 elephants
  7 black mambas
  An ice statue (Lair:4)
  A gargoyle (D:12)
  2 molten gargoyles (Lair:3)
  6 torpor snails (Lair:6)
  A centaur skeleton (D:14)
  9 spiny frogs
  4 rime drakes
  2 freezing wraiths
  6 komodo dragons
  3 polar bears
  3 meliai (D:14)
  A queen bee (D:8)
  4 tyrant leeches (Lair:6)
  8 hornets (Lair:6)
  The ghost of Trueduck the Changer, an amateur NaTm (D:4)
  4 trolls
  7 hippogriffs
  9 blink frogs
  2 air elementals (Elf:2)
  A water elemental (Elf:2)
  6 fire elementals (D:12)
  2 wyverns
  38 yaks
  3 wraiths
  11 basilisks
  2 steam dragons (Lair:6)
  2 vampire mosquitoes (D:12)
  A hungry ghost (D:8)
  9 wargs
  An acid dragon (Lair:6)
  2 nagas (Lair:2)
  A hell hound (D:12)
  A swamp drake (Lair:6)
  10 porcupines
  11 water moccasins
  Purgy (Sewer)
  47 orc warriors
  14 ice beasts
  3 sky beasts
  A black bear (D:10)
  3 phantoms
  12 wolves
  9 centaurs
  6 ogres
  13 crocodiles
  Blork the orc (D:5)
  13 bullfrogs
  A gnoll sergeant (D:12)
  5 scorpions
  A wyvern skeleton (D:9)
  15 killer bees (D:8)
  10 wights
  2 electric eels (D:8)
  12 howler monkeys
  4 jellies
  A crimson imp (D:11)
  3 centaur zombies
  2 quasits
  14 orc priests
  7 hounds
  Crazy Yiuf (D:4)
  7 iguanas
  Jessica (D:3)
  Ijyb (D:4)
  25 orc wizards
  14 worker ants
  A statue (D:4)
  A hound skeleton (D:10)
  A hound zombie (D:11)
  2 worker ant zombies
  5 gnolls (D:12)
  3 howler monkey skeletons
  12 adders
  2 shadow imps
  2 white imps (Lair:4)
  6 oozes
  An adder zombie (D:9)
  2 adder skeletons (D:4)
  5 worms
  9 leopard geckos
  114 orcs
  5 bats
  5 giant cockroaches
  7 goblins
  7 hobgoblins
  7 jackals (D:4)
  4 quokkas
  2 ball pythons
  10 frilled lizards
  A jackal skeleton (D:5)
  A jackal zombie (D:5)
  3 kobolds
  6 rats
  2 fungi
  2 plants
770 creatures vanquished.

Vanquished Creatures (others)
  A crocodile (Lair:2)
  A jelly (D:12)
  A bush (Lair:6)
  12 fungi
  44 plants
59 creatures vanquished.

Grand Total: 829 creatures vanquished

Notes
Turn   | Place    | Note
-------+----------+-------------------------------------------
     0 | D:1      | ChocoEater the Gargoyle Earth Elementalist began the quest
                  | for the Orb.
     0 | D:1      | Reached XP level 1. HP: 10/10 MP: 3/3
   143 | D:1      | Reached skill level 4 in Earth Magic
   143 | D:1      | Reached XP level 2. HP: 15/15 MP: 3/5
   575 | D:2      | Reached XP level 3. HP: 19/19 MP: 6/6
   580 | D:2      | Learned a level 3 spell: Stone Arrow
   665 | D:2      | Found a hide-covered altar of Uskayaw.
   702 | D:2      | Reached skill level 1 in Conjurations
   702 | D:2      | Reached XP level 4. HP: 22/24 MP: 3/8
  1198 | D:3      | Reached skill level 5 in Earth Magic
  1290 | D:3      | Noticed a phantom
  1336 | D:3      | Killed a phantom
  1336 | D:3      | Reached XP level 5. HP: 23/28 MP: 2/10
  1343 | D:3      | Learned a level 5 spell: Lee's Rapid Deconstruction
  1398 | D:3      | Found a white marble altar of Elyvilon.
  1420 | D:3      | Found a glowing silver altar of Zin.
  1539 | D:3      | Reached XP level 6. HP: 20/32 MP: 6/11
  1544 | D:3      | Noticed Jessica
  1549 | D:3      | Killed Jessica
  1840 | D:4      | Reached skill level 6 in Earth Magic
  1899 | D:4      | Found a glowing drain.
  1914 | Sewer    | Entered a sewer
  1937 | Sewer    | Noticed Purgy
  1944 | Sewer    | Killed Purgy
  1944 | Sewer    | Reached XP level 7. HP: 31/36 MP: 7/13
  2415 | D:4      | Found a runed translucent door.
  2416 | D:4      | Noticed Crazy Yiuf
  2423 | D:4      | Killed Crazy Yiuf
  2708 | D:4      | Reached skill level 7 in Earth Magic
  2750 | D:4      | Found a burning altar of Makhleb.
  2841 | D:4      | Found a runed translucent door.
  2844 | D:4      | Noticed Trueduck's ghost (amateur NaTm)
  2854 | D:4      | Killed Trueduck's ghost
  2854 | D:4      | Reached skill level 5 in Spellcasting
  2854 | D:4      | Reached skill level 5 in Conjurations
  2854 | D:4      | Reached XP level 8. HP: 26/41 MP: 3/15
  2986 | D:4      | Noticed Ijyb
  3017 | D:4      | Killed Ijyb
  3083 | D:4      | Found a radiant altar of Vehumet.
  3092 | D:4      | Became a worshipper of Vehumet
  3190 | D:4      | Found a staircase to the Ecumenical Temple.
  3315 | D:4      | Identified the Disquisition on Helpful Sinister Arts
  3319 | Temple   | Entered the Ecumenical Temple
  3494 | D:5      | Entered Level 5 of the Dungeon
  3550 | D:5      | Reached skill level 1 in Fighting
  3550 | D:5      | Reached skill level 1 in Armour
  3634 | D:5      | Noticed Blork the orc
  3637 | D:5      | Killed Blork the orc
  3637 | D:5      | Reached skill level 1 in Maces & Flails
  3637 | D:5      | Reached skill level 1 in Evocations
  3919 | D:5      | Reached * piety under Vehumet
  3919 | D:5      | Offered knowledge of Flame Tongue by Vehumet.
  4146 | D:5      | Reached skill level 8 in Earth Magic
  4146 | D:5      | Reached XP level 9. HP: 37/48 MP: 5/17
  4438 | D:5      | Found Fuerouph's Food Boutique.
  4985 | D:6      | Found a sacrificial altar of Ru.
  5891 | D:7      | Reached ** piety under Vehumet
  5891 | D:7      | Offered knowledge of Shock by Vehumet.
  6048 | D:7      | Reached XP level 10. HP: 55/56 MP: 19/19
  6117 | D:7      | Found a bloodstained altar of Trog.
  6433 | D:8      | Noticed a centaur warrior
  6446 | D:8      | Killed a centaur warrior
  6446 | D:8      | Reached skill level 9 in Earth Magic
  6748 | D:8      | Learned a level 3 spell: Mephitic Cloud
  7031 | D:8      | Offered knowledge of Throw Flame by Vehumet.
  7658 | D:8      | Got an iridescent trident
  7659 | D:8      | Identified the +10 trident "Vahoh" {pierce, Int+4} (You
                  | found it on level 8 of the Dungeon)
  7936 | D:9      | Noticed Harold
  7964 | D:8      | Killed Harold
  7964 | D:8      | Reached skill level 5 in Fighting
  7964 | D:8      | Reached skill level 5 in Armour
  7964 | D:8      | Reached XP level 11. HP: 34/63 MP: 5/21
  8280 | D:9      | Found a staircase to the Lair.
  8294 | D:9      | Reached *** piety under Vehumet
  8777 | D:9      | Found Onezuuwa's Armour Shoppe.
  8799 | D:9      | Found a stormy altar of Qazlal.
  9033 | D:9      | Reached skill level 5 in Maces & Flails
  9047 | D:9      | Offered knowledge of Iskenderun's Mystic Blast by Vehumet.
  9215 | D:9      | Found a staircase to the Orcish Mines.
  9222 | D:9      | Learned a level 5 spell: Venom Bolt
  9259 | D:9      | Reached skill level 10 in Earth Magic
  9718 | D:10     | Entered Level 10 of the Dungeon
  9832 | D:10     | Reached **** piety under Vehumet
 10002 | D:10     | Offered knowledge of Airstrike by Vehumet.
 10023 | D:10     | Got a pair of ichor-stained boots
 10029 | D:10     | Identified the +0 pair of boots of Hisipusk {rPois Str+7
                  | Dex-5} (You found it on level 10 of the Dungeon)
 10092 | D:10     | Noticed a cyclops
 10117 | D:10     | Killed a cyclops
 10117 | D:10     | Reached skill level 5 in Evocations
 10240 | D:10     | Killed an unseen horror
 10370 | D:10     | Reached skill level 5 in Dodging
 10587 | D:10     | Killed an unseen horror
 10587 | D:10     | Reached XP level 12. HP: 53/70 MP: 2/23
 11096 | D:9      | Bought the +0 mask of the Dragon {MR+ Slay+3 SInv} for 501
                  | gold pieces
 11096 | D:9      | Found the +0 mask of the Dragon {MR+ Slay+3 SInv}
 11146 | D:11     | Noticed Erolcha
 11490 | D:11     | Reached ***** piety under Vehumet
 11493 | D:11     | Offered knowledge of Freezing Cloud by Vehumet.
 11501 | D:11     | Gained mutation: You are agile. (Dex +2) [potion of
                  | mutation]
 11501 | D:11     | Gained mutation: You are robust. (+10% HP) [potion of
                  | mutation]
 11501 | D:11     | Gained mutation: Armour fits poorly on your strangely
                  | shaped body. [potion of mutation]
 11501 | D:11     | Gained mutation: You have sharp fingernails. [potion of
                  | mutation]
 12210 | D:11     | Noticed a two-headed ogre
 12217 | D:11     | Killed a two-headed ogre
 12496 | D:11     | Killed Erolcha
 13174 | D:12     | Reached skill level 1 in Polearms
 13901 | D:12     | Noticed Azrael
 13921 | D:12     | Killed Azrael
 13921 | D:12     | Reached skill level 5 in Polearms
 14973 | D:12     | Got a steaming long sword
 14974 | D:12     | Identified the +5 long sword "Killer Bee's Regret" {slice,
                  | rF+ Str+7} (You found it on level 12 of the Dungeon)
 15121 | D:13     | Noticed a centaur warrior
 15123 | D:13     | Reached XP level 13. HP: 83/83 MP: 17/25
 15270 | D:13     | Reached skill level 11 in Earth Magic
 15404 | D:13     | Noticed a storm dragon
 15410 | D:13     | Noticed an ettin
 15430 | D:13     | Killed a storm dragon
 15430 | D:13     | Killed an ettin
 16626 | D:14     | HP: 1/85 [phantasmal warrior[a death knight] (23)]
 17434 | D:14     | Found a gate to the Vaults.
 17892 | D:14     | Reached skill level 10 in Conjurations
 17915 | D:14     | HP: 3/86 [skeletal warrior/+0 glaive[a death knight] (20)]
 18361 | D:14     | Gained mutation: Your large and strong wings let you fly
                  | indefinitely. [Gargoyle growth]
 18361 | D:14     | Reached XP level 14. HP: 25/92 MP: 18/27
 18760 | Lair:1   | Entered Level 1 of the Lair of Beasts
 19123 | Lair:1   | Found a transporter.
 19130 | Lair:1   | Noticed Yntealyr's ghost (journeyman SpAE)
 19144 | Lair:1   | Found a transporter.
 19247 | Lair:1   | Reached skill level 12 in Earth Magic
 20103 | Lair:2   | Found a staircase to the Snake Pit.
 20205 | Lair:2   | Offered knowledge of Orb of Destruction by Vehumet.
 20214 | Lair:2   | Learned a level 7 spell: Orb of Destruction
 20252 | Lair:2   | Found a staircase to the Shoals.
 20822 | Lair:3   | You are sucked into a shaft and drop 1 floor!
 23493 | Lair:5   | Noticed Nessos
 23498 | Lair:5   | Killed Nessos
 24073 | Lair:5   | Noticed Sonja
 24075 | Lair:5   | Killed Sonja
 24089 | Lair:5   | Reached skill level 10 in Fighting
 24284 | Lair:5   | Reached skill level 10 in Spellcasting
 24284 | Lair:5   | Reached XP level 15. HP: 99/101 MP: 13/29
 24942 | Lair:6   | Entered Level 6 of the Lair of Beasts
 25462 | Lair:6   | Found a staircase to the Slime Pits.
 25537 | Lair:6   | Reached skill level 13 in Earth Magic
 26537 | Lair:6   | Offered knowledge of Bolt of Cold by Vehumet.
 27146 | Lair:6   | Found a runed translucent door.
 28949 | Orc:1    | Entered Level 1 of the Orcish Mines
 29015 | Orc:2    | Entered Level 2 of the Orcish Mines
 29033 | Orc:2    | Found a runed translucent gate.
 29165 | Orc:2    | Found a runed translucent gate.
 29165 | Orc:2    | Found a runed translucent gate.
 29167 | Orc:2    | Noticed feta's ghost (journeyman BaFi)
 29183 | Orc:2    | Found a staircase to the Elven Halls.
 29774 | Orc:2    | Reached skill level 10 in Maces & Flails
 29932 | Orc:2    | Found Boclu's Book Emporium.
 29932 | Orc:2    | Found Poxop's Jewellery Boutique.
 29962 | Orc:2    | Bought a book of the Earth for 715 gold pieces
 29968 | Orc:2    | Learned a level 5 spell: Bolt of Magma
 29975 | Orc:2    | Learned a level 6 spell: Iron Shot
 30085 | Orc:2    | Found Eplaamar's Book Emporium.
 30085 | Orc:2    | Found Nonem's Food Boutique.
 30088 | Orc:2    | Reached skill level 1 in Fire Magic
 30089 | Orc:2    | Reached ****** piety under Vehumet
 30115 | Orc:2    | Reached XP level 16. HP: 71/110 MP: 8/30
 30802 | Orc:2    | Found a roughly hewn altar of Beogh.
 30842 | Elf:1    | Entered Level 1 of the Elven Halls
 30983 | Elf:1    | Noticed Jorgrun
 31021 | Elf:1    | Killed Jorgrun
 31021 | Elf:1    | Reached skill level 5 in Fire Magic
 32069 | Elf:1    | Offered knowledge of Bolt of Fire by Vehumet.
 32082 | Elf:1    | Learned a level 6 spell: Bolt of Fire
 32913 | Elf:2    | Found a radiant altar of Vehumet.
 32965 | Elf:2    | HP: 4/110 [+2 battleaxe of chopping (3)]
 32966 | Elf:2    | Slain by a +0 battleaxe of electrocution

Levels and vault maps discovered:
D:1:      dpeg_arrival_pits, layout_basic
D:2:      layout_rooms, overflow_temple_1_default
D:3:      layout_rooms, chequers_temple_overflow_statue_of_worship, uniq_jessica
D:4:      layout_cave_pools, vehumet_statue, minmay_temple_entry_nine_rooms,
          portal_sewer_entry_f, first_ration, ebering_ghost_sewer_d,
          makhleb_heckhound_becter, uniq_ijyb, uniq_crazy_yiuf_cottage
D:5:      layout_basic, serial_shops, kennysheep_mini, grunt_ministairs_15,
          kennysheep_path_1, uniq_blork_the_orc
D:6:      layout_basic, lemuel_crystal_altar
D:7:      layout_rooms, lemuel_doored_altar, kennysheep_potato
D:8:      layout_rooms, david_nohive_1, kennysheep_island_fort
D:9:      layout_irregular_city, minmay_lair_entry_grove,
          minmay_orc_entry_guard_dogs, serial_shops, shop,
          nicolae_qazlal_eye_of_the_storm, uniq_harold
D:10:     layout_layer_cave
D:11:     layout_long_grid, special_room [special_room_orc],
          hangedman_abyss_or_decor_stagger, minivault_16, uniq_erolcha
D:12:     layout_stronghold, uniq_azrael
D:13:     minmay_mutant_horseshoe, layout_irregular_city
D:14:     layout_big_octagon, erik_vaults_1, roderic_serpentine_path
Temple:   eino_temple_rhombus
Lair:1:   layout_roguey, gammafunk_ghost_arena, infiniplex_staircase_pool
Lair:2:   layout_hall_layers, shoals_dummy_entry, guppyfry_snake_entry_island,
          lemuel_old_faithful, infiniplex_staircase_pool_2, serial_bayou_shore_b
Lair:3:   layout_gridlike, kennysheep_basilisk_garden
Lair:4:   layout_long_grid, ice2_lemuel, grunt_megastairs_4
Lair:5:   layout_concentric_octagons, minmay_shattered_shrine, uniq_nessos,
          uniq_sonja
Lair:6:   guppyfry_lair_end_dragon, layout_cave_pods, wormcave,
          nicolae_slime_entry_slimehenge, chequers_serial_rivers_micro_b
Orc:1:    layout_diamond_mine
Orc:2:    st_orc_town, layout_caves, ebering_ghost_rock_garden
Elf:1:    layout_loops_corners, serial_sigils, serial_sigils_hangedman_quiver,
          serial_sigils_hangedman_gut, serial_sigils_hangedman_quiver,
          serial_sigils_hangedman_writhe, uniq_jorgrun
Elf:2:    layout_geoelf_diagonals, basic_altar, enter_trove_2,
          portal_desolation_entry_twin_temple, serial_sigils_hangedman_scar

Skill      XL: |  1  2  3  4  5  6  7  8  9 10 11 12 13 14 15 16 |
---------------+-------------------------------------------------+-----
Earth Magic    | 4 5 6 7 8 9 10 11 12 13 | 13.6
Spellcasting   | 3 4 5 6 7 8 9 10 | 10.7
Conjurations   | 1 2 4 5 6 7 8 9 10 11 12 | 12.1
Fighting       | 2 3 5 6 7 8 10 11 | 11.0
Armour         | 2 3 5 6 |  6.0
Maces & Flails | 1 3 4 5 6 7 9 10 | 10.0
Dodging        | 2 3 4 5 6 7 8 |  8.7
Evocations     | 1 3 4 5 6 |  6.0
Polearms       | 6 |  6.0
Fire Magic     | 3 8 |  8.3
Stealth        | |  2.1
Transmutations | |  0.7

Action                   |  1- 3 |  4- 6 |  7- 9 | 10-12 | 13-15 | 16-18 || total
-------------------------+-------+-------+-------+-------+-------+-------++-------
Melee: Club              |    72 |    71 |   161 |       |       |       ||   304
       Dagger            |       |       |    66 |    86 |       |       ||   152
       Trident           |       |       |       |   242 |   858 |    53 ||  1153
Throw: Boomerang         |     4 |     4 |       |       |       |       ||     8
       Stone             |       |       |       |       |     1 |       ||     1
 Cast: Sandblast         |    12 |    69 |   100 |   119 |   123 |     8 ||   431
       Stone Arrow       |       |     1 |    11 |    15 |   143 |       ||   170
       Lee's Rapid Decon |       |       |    13 |    66 |   110 |    21 ||   210
       Venom Bolt        |       |       |       |     5 |     8 |       ||    13
       Orb of Destructio |       |       |       |       |     9 |     7 ||    16
       Iron Shot         |       |       |       |       |       |    19 ||    19
       Bolt of Fire      |       |       |       |       |       |     3 ||     3
 Abil: Fly               |       |       |       |       |     1 |       ||     1
Evoke: Wand              |       |       |       |     9 |    10 |     2 ||    21
       Sack of spiders   |       |       |       |     1 |     1 |       ||     2
       Lightning rod     |       |       |       |       |     2 |     1 ||     3
  Use: Scroll            |     4 |     1 |     8 |    15 |    13 |     8 ||    49
       Potion            |       |       |       |    12 |     5 |     5 ||    22
 Stab: Sleeping          |     1 |       |     2 |     3 |     5 |       ||    11
  Eat: Chunk             |       |     4 |    15 |    33 |    44 |    13 ||   109
       Ration            |       |       |     1 |     3 |     7 |     4 ||    15
Armor: Robe              |    28 |    45 |   124 |   200 |   357 |    40 ||   794
       Skin              |       |       |       |    13 |       |       ||    13
Dodge: Dodged            |    80 |    83 |   246 |   355 |   719 |    67 ||  1550
Block: Other             |       |       |       |       |   110 |    18 ||   128
       Reflection        |       |       |       |       |     5 |     2 ||     7

Table legend:
 A = Non-vault XP
 B = Vault XP
 C = Vault XP percentage of total XP
 D = Non-vault monster count
 E = Vault monster count
 F = Vault count percentage of total count
                 A         B        C        D         E       F
            +---------+---------+-------+---------+---------+-------
      Total |  102793 |   47967 |  31.8 |     536 |     230 |  30.0
            +---------+---------+-------+---------+---------+-------
        D:1 |      30 |       0 |   0.0 |      18 |       0 |   0.0
        D:2 |      93 |       0 |   0.0 |      18 |       0 |   0.0
        D:3 |     232 |      37 |  13.8 |      25 |       1 |   3.8
        D:4 |     528 |     480 |  47.6 |      30 |      11 |  26.8
        D:5 |     779 |     189 |  19.5 |      16 |       7 |  30.4
        D:6 |     534 |       0 |   0.0 |      12 |       0 |   0.0
        D:7 |    1923 |      34 |   1.7 |      21 |       1 |   4.5
        D:8 |    1316 |    3254 |  71.2 |      18 |      20 |  52.6
        D:9 |    2287 |    2574 |  53.0 |      25 |      15 |  37.5
       D:10 |    4098 |       0 |   0.0 |      34 |       0 |   0.0
       D:11 |    4839 |    2238 |  31.6 |      28 |      26 |  48.1
       D:12 |    3643 |    2629 |  41.9 |      31 |       8 |  20.5
       D:13 |    4907 |    4205 |  46.1 |      18 |       4 |  18.2
       D:14 |   11613 |    1808 |  13.5 |      28 |       2 |   6.7
     Lair:1 |    4916 |       0 |   0.0 |      24 |       0 |   0.0
     Lair:2 |    3004 |     322 |   9.7 |      15 |       2 |  11.8
     Lair:3 |    2651 |    1194 |  31.1 |       8 |       6 |  42.9
     Lair:4 |   10752 |    1435 |  11.8 |      24 |      10 |  29.4
     Lair:5 |    5861 |    6086 |  50.9 |      23 |       9 |  28.1
     Lair:6 |   13087 |   11273 |  46.3 |      30 |      38 |  55.9
      Orc:1 |    3769 |       0 |   0.0 |      37 |       0 |   0.0
      Orc:2 |    4182 |    7536 |  64.3 |      25 |      64 |  71.9
      Elf:1 |   13115 |    2517 |  16.1 |      19 |       1 |   5.0
      Elf:2 |    4634 |       0 |   0.0 |       9 |       0 |   0.0
      Sewer |       0 |     156 | 100.0 |       0 |       5 | 100.0
            +---------+---------+-------+---------+---------+-------
